 Dungeon Crawl Stone Soup version 0.28.0-53-g5a82cb258f (webtiles) character file.

Game seed: 15992321160121961267

3029 SanguineChosen the Cleaver (level 9, -4/79 HPs)
             Began as a Minotaur Berserker on Aug 1, 2022.
             Was an Elder of Trog.
             Slain by Joseph
             ... wielding a +0 quarterstaff
              (16 damage)
             ... on level 8 of the Dungeon on Aug 2, 2022.
             The game lasted 00:28:15 (7656 turns).

SanguineChosen the Cleaver (Minotaur Berserker)     Turns: 7656, Time: 00:28:15

Health: -4/79      AC: 15    Str: 28    XL:     9   Next: 56%
Magic:  8/8        EV:  8    Int:  6    God:    Trog [****..]
Gold:   339        SH:  6    Dex: 17    Spells: 8/8 levels left

rFire   + + .      SeeInvis .   y - +4 war axe
rCold   . . .      Faith    .   d - +1 buckler
rNeg    . . .      Spirit   .   h - +0 plate armour "Asokk" {rF+}
rPois   +          Reflect  .   (helmet restricted)
rElec   +          Harm     .   (no cloak)
rCorr   .          Rampage  .   l - +0 pair of gloves of Extotic {-Tele rElec Str+5 Dex+3}
Will    ++...      NoTele   +   (no boots)
Stlth   ..........              (no amulet)
HPRegen 1.23/turn               r - +4 ring of slaying
MPRegen 0.11/turn               s - ring of Past Mistakes {+Blink rPois rF+ Dex+3 Stlth+}

@: strong-willed, regenerating
A: horns 2, retaliatory headbutt
a: Renounce Religion, Evoke Blink, Berserk, Trog's Hand, Brothers in Arms


You were on level 8 of the Dungeon.
You worshipped Trog.
Trog was greatly pleased with you.
You visited 1 branch of the dungeon, and saw 8 of its levels.

You collected 339 gold pieces.

Inventory:

Hand Weapons
 a - a +0 spectral hand axe
 o - a +4 hand axe
 y - a +4 war axe (weapon)
Missiles
 u - 11 poisoned darts (quivered)
Armour
 d - a +1 buckler (worn)
 h - the +0 plate armour "Asokk" (worn) {rF+}
   (You found it on level 2 of the Dungeon)

   rF:        It protects you from fire.
 l - the +0 pair of gloves of Extotic (worn) {-Tele rElec Str+5 Dex+3}
   (You acquired it on level 6 of the Dungeon)

   Str:       It affects your strength (+5).
   Dex:       It affects your dexterity (+3).
   rElec:     It insulates you from electricity.
   -Tele:     It prevents most forms of teleportation.
Jewellery
 i - a +6 ring of dexterity
 j - a +6 ring of intelligence
 r - a +4 ring of slaying (left hand)
 s - the ring of Past Mistakes (right hand) {+Blink rPois rF+ Dex+3 Stlth+}
   (You found it on level 5 of the Dungeon)

   [ring of protection from fire]

   Dex:       It affects your dexterity (+3).
   rF:        It protects you from fire.
   rPois:     It protects you from poison.
   +Blink:    It lets you blink.
   Stlth:     It makes you more stealthy.
 x - a ring of resist corrosion
 B - a ring of protection from fire
Wands
 f - a wand of mindburst (1)
 g - a wand of iceblast (13)
Scrolls
 m - a scroll of summoning {unknown}
 p - a scroll of amnesia {unknown}
 w - 3 scrolls of teleportation
 A - a scroll of noise {unknown}
Potions
 b - a potion of flight
 c - a potion of heal wounds {unknown}
 e - a potion of berserk rage
 k - a potion of ambrosia
 n - a potion of magic {unknown}
 q - a potion of resistance {unknown}
 t - a potion of curing
 v - a potion of haste
 z - a potion of attraction {unknown}


   Skills:
 + Level 7.3 Fighting
 + Level 11.3 Axes
 + Level 9.3 Armour
 + Level 2.8 Dodging
 + Level 3.8 Shields


You had 8 spell levels left.
You didn't know any spells.
Your spell library was empty.

Dungeon Overview and Level Annotations

Branches:
Dungeon (8/15)             Temple (0/1) D:7
   Lair: D:8-11

Altars:

Shops:
D:6 =   D:7 *   D:8 :

Annotations:
D:8 Joseph


Innate Abilities, Weirdness & Mutations

You have a pair of horns on your head.
You reflexively headbutt those who attack you in melee.


Message History

You bump into the rock wall.
Joseph looks more healthy.
Joseph shouts, "At last, some action!"
Joseph shoots a sling bullet.
The sling bullet barely misses you.
You bump into the rock wall.
Joseph shoots a sling bullet.
The sling bullet hits you but does no damage.
Joseph unwields a +0 hunting sling.
Joseph wields a +0 quarterstaff.
Joseph hits you but does no damage.
You are too confused!
Joseph hits you with a +0 quarterstaff!
* * * LOW HITPOINT WARNING * * *
You miss Joseph. You headbutt Joseph!
Joseph is moderately wounded.
Joseph hits you with a +0 quarterstaff!
* * * LOW HITPOINT WARNING * * *
Okay, then.
Joseph hits you with a +0 quarterstaff.
* * * LOW HITPOINT WARNING * * *
You bump into the rock wall.
You feel less invigorated.
You feel less confused. Joseph barely misses you.
Your skin crawls.
You feel strong-willed. Joseph barely misses you.
You barely miss Joseph. You headbutt Joseph!
Joseph is moderately wounded.
Joseph hits you with a +0 quarterstaff!
* * * LOW HITPOINT WARNING * * *
You slash Joseph!
Joseph is heavily wounded.
Joseph completely misses you.
You slash Joseph! You headbutt Joseph.
Joseph is severely wounded.
Joseph hits you but does no damage.
You slash Joseph!
Joseph is almost dead.
Joseph barely misses you.
You closely miss Joseph. You headbutt Joseph, but do no damage.
Joseph is almost dead.
Joseph hits you with a +0 quarterstaff!
You die...

..########....##
....##.......##
...........!##
..#####.....##
.## #####..## ##
##.^## # ##..##
# ##..## #######
##.@# .......
##@# .......
#.(. ...####
#.∩(# .....#
#...(. .###.#
#.#..(. ## ##
#.#..### #
#....# .#


You could see Joseph.

Vanquished Creatures
  A kobold demonologist (D:7)
  A steam dragon (D:7)
  A water moccasin (D:7)
  An ice beast (D:6)
  A sky beast (D:6)
  3 orc warriors
  2 black bears
  A necrophage (D:7)
  3 centaurs
  A phantom (D:4)
  4 kobold brigands
  A bullfrog (D:7)
  A scorpion (D:6)
  2 wyvern skeletons
  A water moccasin skeleton (D:5)
  5 wights (D:7)
  2 howler monkeys (D:6)
  2 jellies
  3 orc priests
  A bullfrog zombie (D:6)
  2 hounds
  A bullfrog skeleton (D:6)
  4 iguanas
  2 orc wizards (D:7)
  A killer bee zombie (D:5)
  3 gnolls (D:3)
  A howler monkey skeleton (D:6)
  8 adders
  2 ufetubi (D:4)
  A worm (D:4)
  A dart slug (D:1)
  21 orcs
  7 endoplasms
  5 giant cockroaches
  3 hobgoblins
  3 jackals
  14 kobolds
  3 quokkas
  7 ball pythons
  6 bats
  4 frilled lizards
  3 goblins
  5 rats
144 creatures vanquished.

Notes
Turn   | Place    | Note
-------+----------+-------------------------------------------
     0 | D:1      | SanguineChosen the Minotaur Berserker began the quest for
                  | the Orb.
     0 | D:1      | Reached XP level 1. HP: 19/19 MP: 0/0
   212 | D:1      | Reached skill level 4 in Axes
   236 | D:1      | Reached XP level 2. HP: 27/27 MP: 1/1
   455 | D:1      | You fall into a shaft and drop 1 floor!
   482 | D:2      | Identified the +0 plate armour "Asokk" {rF+}
   554 | D:1      | Found a faded altar of an unknown god.
  1011 | D:2      | Reached XP level 3. HP: 11/33 MP: 2/2
  1950 | D:3      | Reached XP level 4. HP: 41/41 MP: 3/3
  2010 | D:3      | Reached skill level 5 in Axes
  2067 | D:3      | Reached ** piety under Trog
  3169 | D:4      | Reached XP level 5. HP: 46/47 MP: 4/4
  3594 | D:4      | Noticed a phantom
  3618 | D:4      | Killed a phantom
  3619 | D:4      | Reached skill level 6 in Axes
  3742 | D:4      | Reached skill level 5 in Fighting
  3742 | D:4      | Reached XP level 6. HP: 56/56 MP: 5/5
  4174 | D:5      | Entered Level 5 of the Dungeon
  4304 | D:5      | Reached skill level 5 in Armour
  4540 | D:5      | Reached skill level 1 in Shields
  4540 | D:5      | Reached XP level 7. HP: 61/61 MP: 6/6
  4775 | D:5      | Reached skill level 7 in Axes
  4842 | D:5      | Identified the ring of Past Mistakes {+Blink rPois rF+
                  | Dex+3 Stlth+}
  5243 | D:6      | Identified a scroll of acquirement
  5243 | D:6      | Acquired the +0 pair of gloves of Extotic {-Tele rElec
                  | Str+5 Dex+3}
  5286 | D:6      | Reached skill level 8 in Axes
  5301 | D:6      | Reached XP level 8. HP: 55/70 MP: 7/7
  5329 | D:6      | Reached *** piety under Trog
  5836 | D:6      | Found Fifes's Jewellery Boutique.
  5861 | D:6      | Reached skill level 9 in Axes
  6296 | D:7      | Noticed a kobold demonologist
  6312 | D:7      | Killed a kobold demonologist
  6313 | D:7      | Reached XP level 9. HP: 60/78 MP: 8/8
  6423 | D:7      | Reached skill level 10 in Axes
  6563 | D:7      | Found a staircase to the Ecumenical Temple.
  6891 | D:7      | Found Oxud's Serpentskin Sales.
  7165 | D:7      | Reached **** piety under Trog
  7167 | D:7      | Reached skill level 11 in Axes
  7625 | D:8      | Found Bogroyru's Book Boutique.
  7629 | D:8      | Noticed Joseph
  7656 | D:8      | Slain by Joseph

Illustrated notes

Levels and vault maps discovered:
D:1:      lightli_iron_boxes, layout_basic,
          hellmonk_ecumenical_altar_pennies_from_heaven,
          minmay_worlds_worst_comb
D:2:      layout_rooms
D:3:      layout_basic, kennysheep_potato
D:4:      layout_loops_corners
D:5:      layout_basic
D:6:      layout_loops_ring, serial_shops, shop
D:7:      layout_gridville, minmay_temple_entry_overgrown, guppyfry_shop_venom
D:8:      layout_layer_cave, serial_shops, nicolae_shop_stone, uniq_joseph

Skill      XL: |  1  2  3  4  5  6  7  8  9 |
---------------+----------------------------+-----
Axes           | 4 5 6 8 9 11 | 11.3
Fighting       | 4 5 6 7 |  7.3
Armour         | 3 4 5 6 8 9 |  9.3
Shields        | 1 2 3 |  3.8
Dodging        | |  2.8

Action                   |  1- 3 |  4- 6 |  7- 9 || total
-------------------------+-------+-------+-------++-------
Melee: Hand axe          |    73 |   120 |   121 ||   314
       Headbutt          |    12 |    15 |    51 ||    78
       War axe           |       |       |    69 ||    69
Throw: Dart              |       |       |     9 ||     9
Invok: Trog's Hand       |       |     1 |     1 ||     2
  Use: Scroll            |     2 |     4 |     8 ||    14
       Potion            |       |     3 |     1 ||     4
Armor: Animal skin       |     7 |       |       ||     7
       Plate armour      |    37 |    63 |    78 ||   178
Dodge: Dodged            |    30 |    51 |    47 ||   128
Block: Buckler           |    11 |    15 |    48 ||    74
